Selects Australian Defense Battlegroup
Selects Australian Light Infantry Section
Australian Light Infantry Section
Construct Section Command Post
Australian Light Infantry Section
Construct Platoon Command Post
Selects 2-pounder Anti-tank Gun Team
6-pounder Anti-tank Gun Team
Unlock Bishop Self-propelled Artillery
Bishop Self-propelled Artillery
6-pounder Anti-tank Gun Team
Bishop Self-propelled Artillery
Australian Light Infantry Section
Selects Vehicle Over Repair
Construct Company Command Post
Selects CMP 15cwt Supply Run
Selects Reinforced Resource Caches
Bishop Self-propelled Artillery
Unlock M3 Grant Medium Tanks